 Seeded DCSS version 0.30.0-13-g156ef70053 (webtiles) character file.

Game seed: 5 (custom seed)

79 Kazon the Conjurer (level 4, -2/27 HPs)
             Began as an Octopode Conjurer on May 17, 2023.
             Slain by an adder (3 damage)
             ... on level 2 of the Dungeon.
             The game lasted 00:12:20 (1762 turns).

Kazon the Conjurer (Octopode Conjurer)              Turns: 1762, Time: 00:12:21

Health: -2/27      AC:  1    Str:  8    XL:     4   Next: 38%
Magic:  7/7        EV:  6    Int: 20    God:
Gold:   106        SH: 10    Dex: 10    Spells: 5/8 levels left

rFire   . . .        e - +0 short sword
rCold   . . .        c - +0 tower shield
rNeg    . . .        (helmet restricted)
rPois   .            (no amulet)
rElec   .            (no ring)
rCorr   .            (no ring)
SInv    .            (no ring)
Will    .....        (no ring)
Stlth   +++          (no ring)
HPRegen 0.24/turn    (no ring)
MPRegen 0.10/turn    (no ring)
                     (no ring)

%: no passive effects
@: lethally poisoned (-2 -> -5)
A: almost no armour, amphibious, 8 rings, camouflage 1, gelatinous body 1,
(nimble swimmer 1), tentacles
a: no special abilities


You were on level 2 of the Dungeon.
You visited 1 branch of the dungeon, and saw 2 of its levels.

You collected 106 gold pieces.

Inventory:

Hand Weapons
 e - a +0 short sword (weapon)
Missiles
 b - 3 boomerangs (quivered)
 h - 5 stones
Armour
 c - a +0 tower shield (worn)
Magical Staves
 f - a staff of conjuration
Scrolls
 g - a scroll of fog {unknown}
 j - a scroll of blinking {unknown}
 k - a scroll of teleportation {unknown}
 l - a scroll of identify {unknown}
 m - a scroll of magic mapping {unknown}
Potions
 a - 2 potions of magic
 d - 3 potions of curing {unknown}
 i - a potion of resistance {unknown}


   Skills:
 + Level 0.6 Fighting
 + Level 0.5 Short Blades
 + Level 0.2 Throwing
 + Level 2.3 Dodging
 + Level 3.3 Stealth
 + Level 0.8 Shields
 + Level 2.6 Spellcasting
 + Level 4.5 Conjurations
 * Level 0.3 Evocations


You had 5 spell levels left.
You knew the following spells:

 Your Spells              Type           Power      Damage    Failure   Level
a - Magic Dart            Conj           80%        1d7       87%         1
b - Searing Ray           Conj           40%        2d5       95%         2

Your spell library contained the following spells:

 Spells                   Type           Power      Damage    Failure   Level
 Dazzling Flash           Conj/Hex       22%        N/A       100%        3
 Fulminant Prism          Conj/Hex       5%         3d7       100%        4
 Iskenderun's Mystic Bla  Conj/Tloc      11%        2d4       100%        4


Dungeon Overview and Level Annotations

Branches:
Dungeon (2/15)

Altars:


Innate Abilities, Weirdness & Mutations

You cannot wear most types of armour.
You are amphibious.
You can wear up to eight rings at the same time.
Your skin changes colour to match your surroundings (Stealth+).
Your rubbery body absorbs attacks. (AC +1, EV +1)
((You are camouflaged when in or above water. (Stealth+)))
You have tentacles for arms and can constrict up to eight enemies at once.


Message History

A hobgoblin comes into view.
You see here a bat corpse.
An endoplasm comes into view.
Found a leather armour.
An adder, a rat and a goblin come into view.
Found 6 stones.
The adder hisses angrily.
The goblin shouts!
The endoplasm quivers.
The hobgoblin shouts!
The endoplasm hits you. The hobgoblin hits you.
The goblin moves out of view.
You hear a shout!
The endoplasm attacks as you move away! The endoplasm hits you.
The endoplasm attacks as you move away! The endoplasm hits you.
The endoplasm attacks as you move away! The endoplasm hits you.
You see here a bat corpse.
You block the endoplasm's attack.
You hit the endoplasm but do no damage. The endoplasm freezes you.
You are frozen.
You block the endoplasm's attack.
You hit the endoplasm.
The endoplasm is severely wounded.
You block the endoplasm's attack.
You hit the endoplasm.
You kill the endoplasm!
The adder bites you. x2
You miss the adder. Your grab misses the adder. The adder bites you.
* * * LOW HITPOINT WARNING * * *
The adder barely misses you.
You miss the adder. Your grab misses the adder. You block the adder's attack.
The adder bites you.
* * * LOW HITPOINT WARNING * * *
You are poisoned.
The adder poisons you!
You closely miss the adder. Your grab misses the adder.
* * * LOW HITPOINT WARNING * * *
You feel very sick. The adder bites you.
* * * LOW HITPOINT WARNING * * *
The adder bites you.
You die...

.............#####.#.#....#####.#
.............'.....#.#....##.....
.............#######.#..........#
......##'##### #.......#..#
......##.# #......####..#
......##.# ####?....# #..#
......##.# #........# #..#
......##.# ######.##.....# ...#
########.####...@Sr.......# ##.#
#......####g.#.....# .#
#.##..##..##.##....
#.##..#...(#..# # #.##..# #[...#
#.##..# ##..## #.###.. #### #.#
##.. #.# ##


You could see an adder, a hobgoblin and a rat.

Vanquished Creatures
  2 adders (D:2)
  2 worms (D:2)
  4 bats
  7 endoplasms
  A giant cockroach (D:1)
  7 goblins
  3 hobgoblins
  11 jackals
  2 kobolds
  4 ball pythons
  3 frilled lizards
  2 rats
48 creatures vanquished.

Notes
Turn   | Place    | Note
-------+----------+-------------------------------------------
     0 | D:1      | Kazon the Octopode Conjurer began the quest for the Orb.
     0 | D:1      | Reached XP level 1. HP: 11/11 MP: 3/3
   298 | D:1      | Reached XP level 2. HP: 15/18 MP: 1/5
   708 | D:1      | Identified a scroll of acquirement
   708 | D:1      | Acquired a staff of conjuration
   717 | D:1      | Reached XP level 3. HP: 21/22 MP: 1/6
   753 | D:1      | Learned a level 2 spell: Searing Ray
  1403 | D:2      | Reached XP level 4. HP: 11/27 MP: 7/7
  1762 | D:2      | HP: 1/27 [adder (3)]
  1762 | D:2      | Slain by an adder

Illustrated notes

Levels and vault maps discovered:
D:1:      ebering_trefoil_3fold, layout_basic, st_stairs_14, serial_bayou_ford_a
D:2:      layout_basic, hangedman_decor_growths, minmay_close_crescents

Skill      XL: |  1  2 |
---------------+-------+-----
Stealth        | 3 |  3.3
Fighting       | |  0.6
Short Blades   | |  0.5
Throwing       | |  0.2
Dodging        | |  2.3
Shields        | |  0.8
Spellcasting   | |  2.6
Conjurations   | |  4.5
Evocations     | |  0.3

Action                     |  1- 3 |  4- 6 || total
---------------------------+-------+-------++-------
  Melee: Short sword       |    77 |    38 ||   115
         Tentacles         |    15 |     6 ||    21
         Constrict         |    14 |     7 ||    21
         Staff             |     6 |       ||     6
         Punch             |       |     2 ||     2
  Throw: Boomerang         |     7 |     2 ||     9
   Cast: Magic Dart        |    12 |       ||    12
    Use: Scroll            |     2 |       ||     2
   Stab: Sleeping          |     4 |     2 ||     6
 Armour: Skin              |     7 |     5 ||    12
  Dodge: Dodged            |    22 |     7 ||    29
  Block: Tower shield      |    39 |    21 ||    60
